 Dungeon Crawl Stone Soup version 0.17.2-1-ge4368a0 (webtiles) character file.

1906046 jazmu the Annihilator (level 27, 152/152 HPs)
             Began as a Gargoyle Conjurer on Oct 4, 2016.
             Was the Champion of Sif Muna.
             Escaped with the Orb
             ... and 4 runes on Oct 7, 2016!
             The game lasted 09:42:47 (109035 turns).

jazmu the Annihilator (Gargoyle Conjurer)         Turns: 109035, Time: 09:42:48

Health: 152/152    AC: 31    Str: 21    XL:     27
Magic:  53/60      EV: 11    Int: 31    God:    Sif Muna [******]
Gold:   4281       SH: 17    Dex:  8    Spells: 9 memorised, 26 levels left

rFire  + + .     SeeInvis +     W - wand of digging (4)
rCold  + . .     Clarity  +     A - +2 robe {rC+ rF+}
rNeg   + + .     SustAt   .     f - +4 shield {reflect}
rPois  ∞         Gourm    .     H - +2 hat of the Bear Spirit {Spirit, +Rage rN+ MR++}
rElec  +         Spirit   +     S - +0 cloak of Zorgh {Regen+}
rCorr  .         Warding  .     m - +0 pair of gloves "Qutipeuf" {Int+3}
rMut   +         Stasis   .     P - +2 pair of boots
MR     +++++                    K - amulet of Insomnia {rMut MR+ Str+6 Int+2 Dex-2}
Stlth  +.........               i - ring of protection from fire {rF+, !d}
                                X - ring of magical power {MP+9}

@: flying, very slightly contaminated, almost entirely resistant to hostile
enchantments, very unstealthy
A: big wings, see invisible, clarity, negative energy resistance 1, electricity
resistance, spit poison 1, wild magic 1, unbreathing, petrification resistance,
rot immunity, AC +20
a: Spit Poison, Stop Flying, Channel Energy, Forget Spell, Renounce Religion,
Evoke Berserk Rage
0: Orb of Zot
}: 4/15 runes: decaying, slimy, silver, gossamer


You escaped.
You worshipped Sif Muna.
Sif Muna was exalted by your worship.
You were full.

You visited 14 branches of the dungeon, and saw 67 of its levels.
You also visited: Volcano and Wizlab.

You collected 10611 gold pieces.
You spent 6330 gold pieces at shops.

Inventory:

Armour
 f - a +4 shield of reflection (worn)
   (You took it off an octopode crusher on level 2 of the Depths)
 m - the +0 pair of gloves "Qutipeuf" (worn) {Int+3}
   (You found it on level 2 of the Swamp)

   It affects your intelligence (+3).
 t - a +2 shield
   (You took it off a draconian scorcher on level 5 of the Realm of Zot)
 A - a +2 robe of resistance (worn)
   (You bought it in a shop on level 1 of the Orcish Mines)
 H - the +2 hat of the Bear Spirit (worn) {Spirit, +Rage rN+ MR++}
   (You bought it in a shop on level 1 of the Orcish Mines)

   It protects you from negative energy.
   It affects your resistance to hostile enchantments.
   It lets you go berserk.
 P - a +2 pair of boots (worn)
   (You found it on level 6 of the Pits of Slime)
 S - the +0 cloak of Zorgh (worn) {Regen+}
   (You found it on level 8 of the Lair of Beasts)

   It increases your rate of regeneration.
Magical Staves
 v - an uncursed staff of wizardry {wiz+, !a}
   (You found it on level 3 of the Elven Halls)
 z - an uncursed staff of fire {rF+}
   (You found it on level 2 of the Depths)
Jewellery
 a - an uncursed amulet of the gourmand {Gourm, !d}
   (You bought it in a shop on level 1 of the Orcish Mines)
 e - an uncursed ring of protection from cold {rC+, !d}
   (You found it on level 1 of the Swamp)
 i - a ring of protection from fire (right hand) {rF+, !d}
   (You found it on level 1 of the Dungeon)
 E - a +4 ring of intelligence
   (You found it on level 10 of the Dungeon)
 G - the amulet "Ihelop" {rCorr +Blink MP+9 Int-3}
   (You found it on level 6 of the Pits of Slime)

   [amulet of resist corrosion]

   It protects you from acid and corrosion.
   It affects your intelligence (-3).
   It affects your magic capacity (+9).
   It lets you blink.
 K - the amulet of Insomnia (around neck) {rMut MR+ Str+6 Int+2 Dex-2}
   (You bought it in a shop on level 4 of the Orcish Mines)

   [amulet of resist mutation]

   It protects you from mutation.
   It affects your strength (+6).
   It affects your intelligence (+2).
   It affects your dexterity (-2).
   It affects your resistance to hostile enchantments.
 X - a ring of magical power (left hand) {MP+9}
   (You bought it in a shop on level 4 of the Orcish Mines)
Wands
 d - a wand of heal wounds (5)
   (You found it on level 1 of the Vaults)
 o - a wand of teleportation (6)
   (You found it on level 9 of the Dungeon)
 W - a wand of digging (4) (in hand)
   (You found it on level 2 of the Crypt)
Scrolls
 h - 18 scrolls of teleportation
 j - 18 scrolls of remove curse
 l - 9 scrolls of magic mapping {!r}
 r - 12 scrolls of recharging
 w - 5 scrolls of summoning
 y - 2 scrolls of fear
 B - 2 scrolls of holy word {!r}
 C - 2 scrolls of silence
 N - 5 scrolls of fog
 R - 14 scrolls of identify
Potions
 n - 10 potions of curing
 q - 2 potions of resistance
 u - 7 potions of brilliance
 F - 4 potions of heal wounds
 L - 3 potions of agility
 M - a potion of magic
 Q - 4 potions of haste
Books
 b - Sif Muna's Disquisition on Necromancy and Augmentations
   (Sif Muna gifted it to you on level 1 of Cocytus)

   Spells                             Type                      Level
   a - Animate Skeleton               Necromancy                   1
   b - Regeneration                   Charms/Necromancy            3
   c - Vampiric Draining              Necromancy                   3
   d - Bolt of Draining               Conjuration/Necromancy       5
   e - Death's Door                   Charms/Necromancy            8
 g - Zuoky's Catalogue of Slavery
   (Sif Muna gifted it to you in the Vestibule of Hell)

   Spells                             Type                      Level
   a - Summon Small Mammal            Summoning                    1
   b - Shadow Creatures               Summoning                    5
   c - Spellforged Servitor           Conjuration/Summoning        7
   d - Summon Greater Demon           Summoning                    7
 p - Sif Muna's Disquisition on Creation
   (Sif Muna gifted it to you on level 5 of the Realm of Zot)

   Spells                             Type                      Level
   a - Summon Demon                   Summoning                    5
   b - Spellforged Servitor           Conjuration/Summoning        7
 x - Sif Muna's Collected Works on the Rocks
   (Sif Muna gifted it to you on level 5 of the Realm of Zot)

   Spells                             Type                      Level
   a - Sandblast                      Earth                        1
   b - Leda's Liquefaction            Hexes/Earth                  4
   c - Iron Shot                      Conjuration/Earth            6
   d - Shatter                        Earth                        9
 D - Sif Muna's Tome of Translocation
   (Sif Muna gifted it to you on level 5 of the Realm of Zot)

   Spells                             Type                      Level
   a - Teleport Other                 Translocation                3
   b - Phase Shift                    Translocation                5
   c - Controlled Blink               Translocation                8
 J - Sif Muna's Reference Book on Orientation
   (Sif Muna gifted it to you on level 5 of the Realm of Zot)

   Spells                             Type                      Level
   a - Apportation                    Translocation                1
   b - Blink                          Translocation                2
   c - Passage of Golubria            Translocation                4
   d - Phase Shift                    Translocation                5
   e - Controlled Blink               Translocation                8
Miscellaneous
 c - a stone of tremors
   (You found it on level 1 of the Depths)
 k - the horn of Geryon
   (You took it off Geryon in the Vestibule of Hell)
 s - a phantom mirror
Comestibles
 O - 5 bread rations {@e1}


   Skills:
 - Level 10.0 Fighting
 - Level 1.5 Dodging
 - Level 2.1 Stealth
 - Level 15.3 Shields
 + Level 24.5 Spellcasting
 O Level 27 Conjurations
 - Level 11.9 Charms
 - Level 22.9 Fire Magic
 - Level 4.8 Air Magic
 + Level 19.4 Earth Magic
 - Level 8.8 Invocations
 - Level 6.1 Evocations


You had 26 spell levels left.
You knew the following spells:

 Your Spells              Type           Power        Failure   Level  Hunger
a - Magic Dart            Conj           ####         1%          1    None
b - Bolt of Magma         Conj/Fire/Erth ########..   1%          5    None
c - Fire Storm            Conj/Fire      ########..   11%         9    #####..
d - Deflect Missiles      Chrm/Air       #######...   9%          6    None
e - Lehudib's Crystal Sp  Conj/Erth      ########..   3%          8    ###....
f - Fireball              Conj/Fire      ########..   1%          5    None
h - Haste                 Chrm           ########     3%          6    None
x - Iskenderun's Mystic   Conj           ########     1%          4    None
z - Iskenderun's Battles  Conj/Chrm      ########     1%          5    None


Dungeon Overview and Level Annotations

Branches:
Dungeon (15/15)            Temple (1/1) D:6            Lair (8/8) D:10
  Swamp (4/4) Lair:3       Spider (4/4) Lair:6        Slime (6/6) Lair:7
    Orc (4/4) D:11            Elf (3/3) Orc:3        Vaults (5/5) D:14
  Crypt (3/3) Vaults:3       Tomb (0/3) Crypt:3      Depths (5/5) D:15
   Hell (1/1)                 Dis (0/7) Hell            Geh (0/7) Hell
    Coc (3/7) Hell            Tar (0/7) Hell            Zot (5/5) Depths:5

Altars:
Ashenzari
Cheibriados
Dithmenos
Elyvilon
Fedhas
Gozag
Kikubaaqudgha
Makhleb
Nemelex Xobeh
Okawaru
Qazlal
Ru
Sif Muna
Trog
Vehumet
Xom
Yredelemnul
Zin
The Shining One
Beogh
Jiyva
Lugonu

Shops:
D:6 %   D:15 (   Orc:1 =[[   Orc:4 =?%%   Elf:3 [   Vaults:3 !
Vaults:5 =?*(}!   Depths:4 :

Portals:
Hell: Depths:1 Depths:2 Depths:3 Depths:4 Depths:5
Abyss: Depths:4
Pandemonium: Depths:3
Ziggurat: Depths:5

Annotations:
D:5 Grinder
Elf:2 3 runed doors, exclusion: 3 doors
Depths:2 1 exclusion


Innate Abilities, Weirdness & Mutations

You are resistant to torment.
Your stone body is resilient (AC +20).
You are immune to poison.
Your large and strong wings let you fly indefinitely.
You resist negative energy.
You are resistant to electric shocks.
You can survive without breathing.
You are immune to petrification.
You are immune to rotting.
You have supernaturally acute eyesight.
You possess an exceptional clarity of mind.
You can spit weak poison.
Your spells are a little harder to cast, but a little more powerful.


Message History

You take 3 damage, and have 149/152 hp.
You now have 52/60 mp.
Aim: a hell hound The bolt of magma hits the hell hound.
The hell hound partially resists.
You kill the hell hound!
You hear an angry hiss.
You now have 48/60 mp.
You can't see any susceptible monsters within range! (Use Z to cast anyway.) Unknown command.
(D) Dungeon (T) Temple (L) Lair (S) Swamp (N) Spider Nest (M) Slime Pits (O) Orcish Mines (E) Elven Halls (V) Vaults (C) Crypt (W) Tomb (U) Depths (H) Hell (I) Dis (G) Gehenna (X) Cocytus (Y) Tartarus (Z) Zot
Where to? (Enter - D:1, ? - help)
You see here a hell hound corpse.
Aim: an iguana The bolt of magma hits the iguana.
You kill the iguana!
Health restored: 152 You now have 44/60 mp.
You see here an iguana corpse.
Things that are here:
a leather armour; a club An orange demon comes into view.
You are contaminated with residual magic.
There is a stone staircase leading up here.
You fly upwards.
There is a stone staircase leading down here.
Okay, then.
(D) Dungeon (T) Temple (L) Lair (S) Swamp (N) Spider Nest (M) Slime Pits (O) Orcish Mines (E) Elven Halls (V) Vaults (C) Crypt (W) Tomb (U) Depths (H) Hell (I) Dis (G) Gehenna (X) Cocytus (Y) Tartarus (Z) Zot
Where to? (Enter - D:1, ? - help)
Your extra speed is starting to run out.
You feel yourself slow down.
An Orb Guardian comes into view.
You regained 4 mp, and now have 52/60 mp.
Unknown command.
Unknown command.
Aim: an Orb Guardian A raging storm of fire appears!
The great blast of fire engulfs the Orb Guardian.
You now have 44/60 mp.
The Orb Guardian is engulfed in roaring flames.
Aim: an Orb Guardian (almost dead)
The fireball explodes!
The fireball engulfs the Orb Guardian.
You kill the Orb Guardian!
Your body shudders with the violent release of wild energies!
You feel odd for a moment.
You feel less contaminated with magical energies.
You now have 40/60 mp.
Unknown command.
Unknown command.
(D) Dungeon (T) Temple (L) Lair (S) Swamp (N) Spider Nest (M) Slime Pits (O) Orcish Mines (E) Elven Halls (V) Vaults (C) Crypt (W) Tomb (U) Depths (H) Hell (I) Dis (G) Gehenna (X) Cocytus (Y) Tartarus (Z) Zot
Where to? (Enter - D:1, ? - help)
An Orb Guardian comes into view.
You regained 4 mp, and now have 44/60 mp.
A raging storm of fire appears!
The great blast of fire engulfs the Orb Guardian.
You now have 35/60 mp.
Your fire vortex hits the Orb Guardian.
Your fire vortex burns the Orb Guardian!
Really fly into that cloud of flame?
Okay, then.
Unknown command.
The Orb Guardian is engulfed in roaring flames.
The Orb Guardian closely misses your fire vortex.
The Orb Guardian is engulfed in roaring flames.
You kill the Orb Guardian!
An Orb Guardian comes into view.
You swap places.
There is a stone staircase leading up here.
You fly upwards.
There is a stone staircase leading down here.
A ynoxinul comes into view.
You regained 7 mp, and now have 47/60 mp.
There is an open door here.
A bat comes into view.
You block the bat's attack.
Really attack while wielding your wand of digging {zapped: 4}? [Y]es or [N]o only, please.
Really attack while wielding your wand of digging {zapped: 4}?
Okay, then.
You block the bat's attack. The bat hits you but does no damage.
You block the bat's attack. You block the bat's attack.
The ynoxinul gestures.
You block the bat's attack. You block the bat's attack. x2
You block the bat's attack.
There is a staircase leading out of the dungeon here.
You block the bat's attack.
You have escaped!

#...# #...#..♣♣P>P♣♣..#####...###
#...# #..)##..♣♣.♣♣..##..........
#...###.†.#♣.......3.♣#.####.#..#
#..+......#♣.♣.≈≈≈.♣.♣#.# #.#.##
#...####..#♣..≈≈8≈≈5.♣#.# #...##
....# #..#♣.♣.≈≈≈(♣.♣#.# #..###
....# #..#♣.....b...♣#.# #..###
....# #..##..♣♣.♣♣..##.# #.###.
########..#..♣♣P@P♣♣..#.# #.# #.
..........##..#####..##.# #.# #.
########..'...≈≈≈≈≈...+.####.# #.
#..#############......###.
#...................#.....
#..#######.........##.#### #..#
#.....###.##.#### #..#
#.....#..........
#..#######.....#.#..#.####


You could see a ynoxinul, an ufetubus and a bat.

Vanquished Creatures
  Khufu (Crypt:2)
  9 orbs of fire
  5 ancient liches
  Mara (Vaults:2)
  A greater mummy (Crypt:2)
  6 shard shrikes
  Frederick (Vaults:5)
  the Lernaean hydra (Swamp:4)
  Norris (Elf:2)
  Saint Roka (Depths:2)
  2 Killer Klowns (Zot:5)
  2 curse toes
  Geryon (Hell)
  17 golden dragons
  2 bone dragons
  3 electric golems
  24 Orb Guardians
  Rupert (Orc:3)
  6 liches
  5 titans
  10 tentacled monstrosities
  5 quicksilver dragons
  2 deep elf blademasters (Elf:3)
  16 acid blobs
  A deep elf master archer (Elf:3)
  4 octopode crushers
  7 death cobs
  4 sphinxes
  Kirke (Spider:4)
  3 tengu reavers
  12 storm dragons
  A thorn hunter (Swamp:4)
  8 shadow dragons
  4 draconian monks
  9 azure jellies
  2 revenants
  Wiglaf (Depths:5)
  Donald (Vaults:4)
  4 draconian knights
  10 fire giants
  7 frost giants
  3 orc warlords
  7 draconian scorchers
  3 iron dragons
  8 emperor scorpions (Spider:4)
  18 vault wardens
  A balrug (Hell)
  11 ghost moths
  9 deep elf sorcerers
  4 draconian zealots
  5 ghouls
  8 reapers
  5 draconian annihilators
  3 draconian shifters
  21 stone giants
  7 war gargoyles
  13 very ugly things
  4 draconian callers
  13 ironheart preservers
  An elemental wellspring (Coc:3)
  5 vampire knights
  6 black draconians
  7 green draconians
  A salamander firebrand (Depths:1)
  19 purple draconians
  3 salamander stormcallers
  8 deep elf demonologists
  12 yellow draconians
  2 lorocyprocas (Hell)
  8 deep elf annihilators
  11 mottled draconians
  14 red draconians
  An eidolon (Crypt:1)
  10 ettins
  6 deep elf death magi
  20 white draconians
  Snorg (D:13)
  29 vault guards
  10 great orbs of eyes
  12 crystal guardians
  A green death (Hell)
  6 death oozes (Slime:6)
  A merfolk impaler (Depths:4)
  Josephine (Orc:4)
  3 quicksilver dragon zombies
  4 blizzard demons
  2 kraken zombies (Hell)
  6 deep elf high priests
  A quicksilver dragon skeleton (Crypt:3)
  6 jiangshi
  7 entropy weavers
  14 fire dragons
  Fannar (Lair:1)
  18 yaktaur captains
  Harold (Orc:3)
  3 rakshasas
  4 hell beasts
  4 catoblepae
  16 ice dragons
  A spriggan air mage (Depths:2)
  24 hydras
  6 death knights
  Erolcha (Orc:3)
  2 ghost crabs
  19 ogre magi
  Erica (Orc:1)
  4 centaur warriors
  11 death yaks
  12 deep troll shamans
  8 dancing weapons
  4 tengu warriors
  8 alligators
  4 deep troll earth magi
  A death yak (shapeshifter) (Depths:4)
  4 vampire magi
  7 soul eaters
  4 orc high priests (Orc:4)
  6 sun demons
  20 hell knights
  An iron golem (Hell)
  12 deep elf knights
  4 spriggan berserkers
  3 fire crabs
  A titan skeleton (Crypt:3)
  2 storm dragon skeletons
  An unseen horror (D:13)
  6 shadow wraiths
  26 skeletal warriors
  3 anaconda zombies
  A spriggan druid (Swamp:3)
  2 golden dragon zombies
  5 iron trolls
  13 orc knights
  A death drake (shapeshifter) (Depths:4)
  17 deep elf summoners
  6 flayed ghosts
  2 unseen horrors (shapeshifter) (Vaults:4)
  7 ice devils
  5 giant orange brains
  15 ironbrand convokers
  7 swamp dragons
  An anaconda skeleton (Crypt:3)
  21 deep trolls
  Pikel (D:8)
  2 lindwurms
  A tengu zombie (Vaults:3)
  8 orc sorcerers
  A shambling mangrove (Swamp:3)
  A wolf spider zombie (Hell)
  A harpy (shapeshifter) (Vaults:2)
  13 necromancers
  37 wolf spiders
  25 orb spiders
  11 hill giants
  5 harpies (Vaults:4)
  An iron dragon zombie (Hell)
  8 hornets
  18 deep elf conjurers
  A wolf spider (shapeshifter) (Vaults:4)
  3 sixfirhies
  3 frost giant zombies
  9 phantasmal warriors
  4 shining eyes
  A cyclops (shapeshifter) (Zot:1)
  57 ugly things
  6 griffons
  3 manticores
  A salamander (shapeshifter) (Vaults:2)
  9 cyclopes
  3 human skeletons (Vaults:3)
  6 stone giant zombies
  A stone giant skeleton (Crypt:3)
  2 iron dragon skeletons
  An eye of devastation (shapeshifter) (Vaults:1)
  30 moths of wrath
  19 vault sentinels
  A molten gargoyle (Volcano)
  3 frost giant skeletons
  5 gargoyles
  17 rust devils
  A smoke demon (Depths:3)
  2 ice statues (Hell)
  9 torpor snails
  13 black mambas
  A komodo dragon (shapeshifter) (Elf:3)
  A shock serpent skeleton (Coc:3)
  An orange demon (Depths:2)
  8 kobold demonologists
  A spriggan zombie (Depths:1)
  A grey draconian zombie (Crypt:2)
  15 komodo dragons
  4 tengu conjurers
  67 yaktaurs
  2 eyes of devastation (Slime:6)
  A redback zombie (D:14)
  2 hellwings (Depths:2)
  5 red devils
  A death yak skeleton (Crypt:2)
  14 demonic crawlers
  A tormentor (Coc:3)
  8 trolls
  A green draconian skeleton (Crypt:2)
  2 spriggan skeletons
  A fire drake (shapeshifter) (Vaults:5)
  24 spiny frogs
  An anaconda simulacrum (Hell)
  24 jumping spiders
  8 deep elf priests
  16 freezing wraiths
  10 polar bears
  5 hydra zombies
  5 blue devils
  2 fire drakes
  A harpy zombie (Hell)
  A queen bee (D:9)
  15 bog bodies
  A harpy skeleton (Coc:3)
  7 boulder beetles
  2 hornet zombies
  An iron dragon simulacrum (Depths:4)
  9 giant leeches
  A trapdoor spider zombie (D:11)
  36 two-headed ogres
  112 slime creatures
  An alligator zombie (Coc:3)
  3 ettin zombies
  3 hydra skeletons (Hell)
  3 fire dragon zombies
  An ice dragon zombie (Crypt:3)
  A raiju (Lair:8)
  4 shadows
  54 redbacks
  24 blink frogs
  40 flying skulls
  A fire dragon skeleton (Coc:3)
  A fire giant simulacrum (Hell)
  19 trapdoor spiders
  5 hogs (Spider:4)
  A human (D:14)
  10 water elementals
  26 deep elf fighters
  2 vampires
  5 spriggans
  A tarantella (shapeshifter) (Vaults:1)
  26 tarantellas
  2 wyverns
  An ettin skeleton (Vaults:4)
  A spriggan (shapeshifter) (D:11)
  2 hogs (shapeshifter)
  Eustachio (D:6)
  32 deep elf magi
  10 golden eyes
  14 wraiths
  32 yaks
  22 vampire mosquitoes
  20 hippogriffs
  A human simulacrum (Vaults:3)
  5 fire elementals
  6 hungry ghosts
  5 basilisks
  A steam dragon (Lair:6)
  3 neqoxecs
  3 mottled dragons
  A hydra simulacrum (Coc:3)
  22 insubstantial wisps
  23 water moccasins
  20 swamp worms
  20 wolves
  An ice beast (shapeshifter) (Vaults:3)
  2 spiny frog skeletons
  14 wargs
  A merfolk zombie (Hell)
  33 spiders
  5 hell hounds
  19 wasps
  2 deep troll skeletons (Vaults:3)
  A sky beast (D:10)
  6 spiny frog zombies
  4 phantoms
  18 swamp drakes
  A swamp dragon zombie (Coc:1)
  18 porcupines
  A snapping turtle zombie (Hell)
  9 boggarts
  11 ice beasts
  6 eyes of draining
  83 ogres
  18 crocodiles
  10 necrophages
  17 black bears
  53 orc warriors
  14 centaurs
  2 human zombies
  4 brain worms (Lair:8)
  A fire drake skeleton (Crypt:2)
  6 big kobolds
  17 giant frogs
  6 earth elementals (Depths:1)
  A wyvern zombie (D:10)
  3 gnoll sergeants (D:11)
  A wyvern skeleton (D:7)
  An elf simulacrum (Vaults:4)
  3 electric eels
  3 scorpions
  38 killer bees
  4 wights
  An elf skeleton (Vaults:3)
  4 crimson imps
  4 giant frog zombies
  3 centaur zombies
  20 hounds
  51 orc priests
  39 orc wizards
  A giant frog skeleton (D:9)
  11 jellies
  2 quasits
  2 centaur skeletons
  15 iguanas
  7 hell rats (Hell)
  A killer bee zombie (D:10)
  13 worker ants
  A deep dwarf zombie (Crypt:2)
  29 sheep
  A demigod skeleton (Crypt:1)
  2 hound skeletons
  2 mummies
  16 adders
  16 gnolls
  76 river rats
  A scorpion zombie (Crypt:1)
  5 shadow imps
  3 white imps
  4 adder skeletons
  21 worms
  5 giant geckos
  269 orcs
  6 goblins
  5 hobgoblins
  22 jackals
  3 quokkas
  8 bats
  5 giant cockroaches
  8 giant newts
  A jackal skeleton (D:4)
  A jackal zombie (D:4)
  38 kobolds
  A kobold zombie (Crypt:3)
  A quokka zombie (Crypt:2)
  9 rats
  2 crawling corpses (Vaults:5)
  15 fungi
  3 lost souls
  5 plants
  4 tentacles (Hell)
  2 tentacle segments (Hell)
3379 creatures vanquished.

Vanquished Creatures (collateral kills)
  the royal jelly (Slime:6)
  A tentacled monstrosity (Zot:1)
  3 Orb Guardians (Zot:5)
  2 acid blobs
  A death cob (Zot:3)
  A storm dragon (Zot:3)
  A draconian monk (Zot:3)
  2 draconian zealots
  2 stone giants
  A very ugly thing (Vaults:5)
  A draconian annihilator (Zot:4)
  2 green draconians (Zot:5)
  An ettin (Vaults:5)
  2 mottled draconians
  A yellow draconian (Zot:1)
  4 vault guards (Vaults:5)
  An ice dragon (Zot:2)
  A great orb of eyes (Slime:6)
  A skeletal warrior (Hell)
  A slime creature (Slime:3)
  2 tarantellas
  A warg (Vaults:5)
  A harpy simulacrum (Hell)
  A spider (Spider:4)
  A jelly (Slime:6)
  An orc (Vaults:5)
  A crawling corpse (Vaults:5)
38 creatures vanquished.

Vanquished Creatures (others)
  An eldritch tentacle (Zot:5)
  2 yaktaur captains
  An anaconda zombie (Coc:3)
  An ironbrand convoker (Vaults:5)
  2 yaktaurs (Depths:5)
  A hydra zombie (Coc:3)
  A deep elf fighter (Orc:3)
  4 slaves (D:9)
  A sky beast (D:9)
  A giant frog (D:9)
  A gnoll sergeant (D:9)
  A centaur skeleton (D:9)
  An orc (Orc:4)
  91 eldritch tentacle segments (Zot:5)
  404 fire vortices
  26 fungi
  3 lost souls
  44 plants
  9 tentacles (Hell)
  214 tentacle segments (Hell)
809 creatures vanquished.

Grand Total: 4226 creatures vanquished

Notes
Turn   | Place    | Note
--------------------------------------------------------------
     0 | D:1      | jazmu the Gargoyle Conjurer began the quest for the Orb.
     0 | D:1      | Reached XP level 1. HP: 10/10 MP: 3/3
   179 | D:1      | Reached XP level 2. HP: 13/15 MP: 0/5
  1206 | D:2      | Found a basalt altar of Yredelemnul.
  1230 | D:2      | Reached skill level 5 in Conjurations
  1230 | D:2      | Reached XP level 3. HP: 19/19 MP: 0/7
  1790 | D:2      | Reached skill level 3 in Spellcasting
  1906 | D:2      | Reached XP level 4. HP: 24/24 MP: 0/8
  2420 | D:3      | Reached XP level 5. HP: 28/28 MP: 0/10
  2543 | D:3      | Found an iron altar of Okawaru.
  2971 | D:3      | Reached skill level 6 in Conjurations
  3457 | D:3      | HP: 6/28 [iguana (5)]
  3705 | D:3      | Learned a level 4 spell: Iskenderun's Mystic Blast
  4067 | D:4      | Reached XP level 6. HP: 32/32 MP: 2/11
  4702 | D:4      | Reached skill level 4 in Spellcasting
  5379 | D:5      | Entered Level 5 of the Dungeon
  5498 | D:5      | Noticed Grinder
  5761 | D:5      | Learned a level 5 spell: Iskenderun's Battlesphere
  5926 | D:5      | Reached skill level 1 in Charms
  6321 | D:6      | Reached XP level 7. HP: 13/36 MP: 13/13
  6646 | D:6      | Reached skill level 2 in Charms
  7070 | D:6      | Found a staircase to the Ecumenical Temple.
  7075 | Temple   | Entered the Ecumenical Temple
  7281 | D:6      | Reached skill level 3 in Charms
  7330 | D:6      | Noticed a deep elf mage
  7450 | D:5      | Found a burning altar of Makhleb.
  7979 | D:6      | Found Ufuteora's Food Shop.
  8166 | D:6      | Noticed Eustachio
  8378 | D:6      | Reached skill level 4 in Charms
  8471 | D:6      | Killed Eustachio
  8471 | D:6      | Reached XP level 8. HP: 26/41 MP: 7/14
  8686 | D:6      | Reached skill level 5 in Charms
  8867 | D:6      | Reached skill level 7 in Conjurations
  9070 | D:7      | Found a shadowy altar of Dithmenos.
  9096 | D:7      | Reached skill level 8 in Conjurations
  9680 | D:7      | Reached skill level 9 in Conjurations
 10142 | D:6      | Reached XP level 9. HP: 25/45 MP: 3/15
 10302 | D:6      | Killed a deep elf mage
 10302 | D:6      | Reached skill level 10 in Conjurations
 11179 | D:7      | Reached skill level 11 in Conjurations
 11871 | D:5      | Found a deep blue altar of Sif Muna.
 11996 | D:5      | Became a worshipper of Sif Muna the Loreminder
 12670 | D:8      | Reached skill level 12 in Conjurations
 13197 | D:8      | Reached skill level 5 in Spellcasting
 13206 | D:8      | Reached * piety under Sif Muna
 13756 | D:9      | Found a glowing golden altar of the Shining One.
 13811 | D:9      | Reached skill level 6 in Spellcasting
 13811 | D:9      | Reached XP level 10. HP: 50/50 MP: 8/19
 14024 | D:9      | Noticed Pikel
 14347 | D:8      | Killed Pikel
 14347 | D:8      | Reached ** piety under Sif Muna
 14347 | D:8      | Reached skill level 7 in Spellcasting
 14961 | D:9      | Reached skill level 8 in Spellcasting
 15254 | D:9      | Found a glowing silver altar of Zin.
 15868 | D:10     | Entered Level 10 of the Dungeon
 15911 | D:10     | Reached skill level 9 in Spellcasting
 16012 | D:10     | Reached *** piety under Sif Muna
 16540 | D:10     | Reached skill level 10 in Spellcasting
 16698 | D:10     | Reached XP level 11. HP: 32/54 MP: 0/25
 17228 | D:9      | Reached **** piety under Sif Muna
 17429 | D:10     | Found a staircase to the Lair.
 17456 | Lair:1   | Entered Level 1 of the Lair of Beasts
 17456 | Lair:1   | Noticed Fannar
 17792 | D:10     | Reached skill level 11 in Spellcasting
 18996 | Lair:1   | Reached ***** piety under Sif Muna
 19555 | Lair:1   | Reached skill level 12 in Spellcasting
 20193 | Lair:2   | Reached skill level 1 in Invocations
 20195 | Lair:2   | Reached skill level 1 in Evocations
 20549 | Lair:2   | Reached skill level 2 in Invocations
 20703 | Lair:2   | Reached skill level 2 in Evocations
 21087 | Lair:2   | Reached skill level 3 in Invocations
 21444 | Lair:2   | Reached skill level 3 in Evocations
 21444 | Lair:2   | Reached XP level 12. HP: 59/59 MP: 6/28
 21728 | Lair:2   | Reached skill level 4 in Invocations
 22240 | Lair:2   | Reached skill level 5 in Invocations
 22240 | Lair:2   | Reached skill level 4 in Evocations
 23197 | Lair:3   | Identified a scroll of acquirement
 23474 | Lair:3   | Reached skill level 5 in Evocations
 24013 | Lair:3   | Found a staircase to the Swamp.
 24874 | Lair:1   | Killed Fannar
 24874 | Lair:1   | Reached skill level 6 in Evocations
 25003 | Lair:1   | Learned a level 5 spell: Fireball
 25046 | Lair:2   | Reached skill level 13 in Conjurations
 25080 | Lair:2   | Reached skill level 1 in Fire Magic
 25526 | Lair:4   | Reached skill level 2 in Fire Magic
 25838 | Lair:5   | Reached ****** piety under Sif Muna
 25956 | Lair:5   | Received a gift from Sif Muna
 25956 | Lair:5   | Reached skill level 3 in Fire Magic
 25988 | Lair:5   | Found a dark tunnel.
 25995 | Volcano  | Entered a volcano
 26183 | Volcano  | Reached skill level 4 in Fire Magic
 26183 | Volcano  | Reached XP level 13. HP: 63/63 MP: 7/29
 26449 | Lair:5   | Identified Sif Muna's Papyrus of Floating Combat Magic (Sif Muna gifted it to you on level 5 of the Lair of Beasts)
 26942 | Lair:5   | Noticed a six-headed hydra
 26986 | Lair:6   | Found a hole to the Spider Nest.
 27000 | Lair:6   | Reached skill level 5 in Fire Magic
 27168 | Lair:6   | Reached skill level 14 in Conjurations
 27557 | Lair:5   | Killed a six-headed hydra
 27724 | Lair:5   | Reached skill level 6 in Fire Magic
 28473 | Lair:4   | Noticed an eight-headed hydra
 28477 | Lair:4   | Killed an eight-headed hydra
 28477 | Lair:4   | Received a gift from Sif Muna
 28480 | Lair:4   | Identified Rizuriz's Disquisition on the Entourage (Sif Muna gifted it to you on level 4 of the Lair of Beasts)
 29058 | Lair:5   | HP: 12/63 [death yak (13)]
 29538 | Lair:6   | Reached skill level 7 in Fire Magic
 29909 | D:11     | Noticed an orc warlord
 29910 | D:11     | Noticed a yaktaur captain
 31330 | D:11     | Found a staircase to the Orcish Mines.
 31334 | D:11     | Reached skill level 15 in Conjurations
 31791 | D:11     | Reached skill level 8 in Fire Magic
 32096 | Orc:1    | Entered Level 1 of the Orcish Mines
 32628 | Orc:1    | Found Witarphyn's Jewellery Boutique.
 32639 | Orc:1    | Bought an uncursed amulet of the gourmand for 360 gold pieces
 32667 | Orc:1    | Found Fedueton's Antique Armour Boutique.
 32723 | Orc:1    | Bought a glowing cloak for 112 gold pieces
 32944 | Orc:1    | Found Ywnock's Antique Armour Emporium.
 32947 | Orc:1    | Bought a runed robe for 24 gold pieces
 32947 | Orc:1    | Bought a runed robe for 24 gold pieces
 32984 | Orc:1    | Noticed Erica
 32991 | Orc:1    | Killed Erica
 33480 | Orc:3    | Found a staircase to the Elven Halls.
 33481 | Orc:3    | Noticed Harold
 33630 | Orc:3    | Killed Harold
 34202 | Orc:3    | Noticed Rupert
 34205 | Orc:3    | Paralysed by Rupert for 7 turns
 34211 | Orc:3    | Noticed Erolcha
 34302 | Orc:1    | Bought the +2 hat of the Bear Spirit {Spirit, +Rage rN+ MR++} for 977 gold pieces
 34625 | Orc:3    | Gained mutation: Your large and strong wings let you fly indefinitely. [Gargoyle growth]
 34625 | Orc:3    | Reached XP level 14. HP: 65/68 MP: 21/30
 34734 | Orc:3    | Killed Erolcha
 35081 | Orc:3    | Killed Rupert
 35081 | Orc:3    | Received a gift from Sif Muna
 35081 | Orc:3    | Reached skill level 9 in Fire Magic
 36010 | Orc:4    | Entered Level 4 of the Orcish Mines
 36418 | Orc:4    | Noticed a stone giant
 36557 | Orc:3    | Killed a stone giant
 36557 | Orc:3    | Reached skill level 16 in Conjurations
 37451 | Orc:4    | Noticed a stone giant
 37712 | Orc:3    | Killed a stone giant
 37712 | Orc:3    | Reached skill level 10 in Fire Magic
 38106 | Orc:4    | Found Foada's Food Boutique.
 38566 | Orc:4    | Noticed Josephine
 38937 | Orc:4    | Found Obotain's Food Shop.
 38957 | Orc:4    | Found a roughly hewn altar of Beogh.
 39209 | Orc:4    | Killed Josephine
 40236 | Orc:4    | Received a gift from Sif Muna
 40239 | Orc:4    | Identified Sif Muna's Compendium of Confrontation and Flames (Sif Muna gifted it to you on level 4 of the Orcish Mines)
 40532 | Orc:4    | Noticed an orc warlord
 41149 | Orc:4    | Killed an orc warlord
 41509 | Orc:4    | Found a roughly hewn altar of Beogh.
 41605 | Orc:4    | Found Ruwopec's Jewellery Boutique.
 41699 | Orc:4    | Reached skill level 11 in Fire Magic
 41986 | Orc:4    | Found Diptoep's Magic Scroll Shoppe.
 42126 | Orc:4    | Bought a scroll of identify for 32 gold pieces
 42126 | Orc:4    | Bought a scroll of identify for 32 gold pieces
 42872 | Orc:4    | Bought an uncursed ring of magical power for 300 gold pieces
 44023 | Lair:7   | Reached XP level 15. HP: 69/72 MP: 28/31
 44166 | Lair:7   | Reached skill level 13 in Spellcasting
 44427 | Lair:7   | Found a viscous altar of Jiyva.
 44428 | Lair:7   | Found a staircase to the Slime Pits.
 44476 | Lair:7   | Received a gift from Sif Muna
 45484 | Lair:7   | Identified Sif Muna's Sophisticated Theurgy (Sif Muna gifted it to you on level 7 of the Lair of Beasts)
 45825 | Lair:8   | Entered Level 8 of the Lair of Beasts
 45994 | Lair:8   | Reached skill level 14 in Spellcasting
 47280 | Lair:7   | HP: 18/72 [griffon (2)]
 47727 | Lair:8   | Received a gift from Sif Muna
 48037 | Lair:8   | Found a runed door.
 48235 | Lair:8   | Reached skill level 15 in Spellcasting
 49601 | Lair:8   | Got a smoking cloak
 49709 | Lair:8   | Identified the +0 cloak of Zorgh {Regen+} (You found it on level 8 of the Lair of Beasts)
 49741 | Lair:8   | Reached XP level 16. HP: 76/76 MP: 29/35
 50738 | D:12     | Reached skill level 16 in Spellcasting
 51429 | D:13     | Received a gift from Sif Muna
 51433 | D:13     | Identified Sif Muna's Grimoire of Confrontation (Sif Muna gifted it to you on level 13 of the Dungeon)
 51952 | D:13     | Noticed Snorg
 51956 | D:13     | Killed Snorg
 52551 | D:14     | Found a gate to the Vaults.
 52625 | D:14     | Gained mutation: You possess an exceptional clarity of mind. [potion of beneficial mutation]
 52803 | D:14     | Reached skill level 17 in Spellcasting
 52896 | D:14     | Found a snail-covered altar of Cheibriados.
 53642 | D:15     | Entered Level 15 of the Dungeon
 53678 | D:15     | Reached skill level 6 in Invocations
 53873 | D:15     | Found a staircase to the Depths.
 53922 | D:15     | Received a gift from Sif Muna
 53922 | D:15     | Reached skill level 7 in Invocations
 54010 | D:15     | Found Ladiliph's Antique Weapon Emporium.
 54095 | D:15     | Got an ichor-stained hand axe
 54535 | D:15     | Reached XP level 17. HP: 80/80 MP: 2/38
 54751 | D:15     | Reached skill level 8 in Invocations
 54985 | Depths:1 | Entered Level 1 of the Depths
 55007 | Depths:1 | Found a gateway to Hell.
 55173 | Depths:1 | Found a glowing golden altar of the Shining One.
 55338 | D:15     | HP: 15/80 [ettin/dire flail of protection (20)]
 55875 | Depths:1 | Got a faintly glowing crystal amulet
 55876 | Depths:1 | Identified the amulet of Eternity {rF+ Regen+ Str+3} (You found it on level 1 of the Depths)
 57147 | Swamp:1  | Entered Level 1 of the Swamp
 57153 | Swamp:1  | Reached skill level 1 in Fighting
 57234 | Swamp:1  | Reached skill level 2 in Fighting
 57393 | Swamp:1  | Reached skill level 3 in Fighting
 57668 | Swamp:1  | Reached skill level 4 in Fighting
 57863 | Swamp:1  | Reached skill level 17 in Conjurations
 58117 | Swamp:2  | Reached skill level 5 in Fighting
 58310 | Swamp:2  | Got a pair of scorched gloves
 58323 | Swamp:2  | Identified the cursed +0 pair of gloves "Qutipeuf" {Int+3} (You found it on level 2 of the Swamp)
 58563 | Swamp:2  | Reached skill level 6 in Fighting
 59495 | Swamp:4  | Entered Level 4 of the Swamp
 59498 | Swamp:4  | Reached skill level 7 in Fighting
 60154 | Swamp:4  | Reached skill level 8 in Fighting
 60158 | Swamp:4  | Noticed the 27-headed Lernaean hydra
 60200 | Swamp:4  | Killed the 27-headed Lernaean hydra
 60200 | Swamp:4  | Reached skill level 18 in Conjurations
 60276 | Swamp:4  | Reached XP level 18. HP: 104/104 MP: 28/39
 60411 | Swamp:4  | Reached skill level 9 in Fighting
 60437 | Swamp:4  | Got a decaying rune of Zot
 60878 | Spider:1 | Entered Level 1 of the Spider Nest
 61167 | Lair:6   | Received a gift from Sif Muna
 61177 | Lair:6   | Identified Sif Muna's Catalogue of Blows and Bruises (Sif Muna gifted it to you on level 6 of the Lair of Beasts)
 61953 | Spider:1 | Reached skill level 10 in Fighting
 61968 | Spider:2 | Reached skill level 18 in Spellcasting
 62243 | Spider:2 | Got an encrusted broad axe
 62731 | Spider:2 | Reached skill level 19 in Conjurations
 64269 | Spider:4 | Entered Level 4 of the Spider Nest
 64290 | Spider:4 | Received a gift from Sif Muna
 64324 | Spider:4 | Identified Sif Muna's Sophisticated Spellcraft (Sif Muna gifted it to you on level 4 of the Spider Nest)
 64782 | Orc:4    | Bought the amulet of Insomnia {rMut MR+ Str+6 Int+2 Dex-2} for 978 gold pieces
 64949 | Lair:1   | Learned a level 6 spell: Deflect Missiles
 65064 | Elf:1    | Entered Level 1 of the Elven Halls
 65077 | Elf:1    | Noticed a Hell Sentinel
 65483 | Elf:1    | Reached XP level 19. HP: 112/112 MP: 30/41
 65568 | Elf:1    | Identified Lehudib's Papyrus of Igneous Arcane Weapons
 65980 | Elf:2    | Noticed Norris
 66022 | Elf:2    | Reached skill level 1 in Air Magic
 66207 | Elf:2    | Reached skill level 6 in Charms
 66230 | Elf:2    | Found a runed gate.
 66230 | Elf:2    | Found a runed gate.
 66230 | Elf:2    | Found a runed gate.
 66275 | Elf:2    | Reached skill level 2 in Air Magic
 66389 | Elf:2    | Killed Norris
 66530 | Elf:3    | Entered Level 3 of the Elven Halls
 66531 | Elf:3    | Found a magical portal.
 66542 | WizLab   | Entered Wucad Mu's Monastery
 66658 | Elf:3    | Reached skill level 3 in Air Magic
 66715 | Elf:2    | HP: 21/112 [something/shard of ice (18)]
 66725 | Elf:2    | Received a gift from Sif Muna
 66729 | Elf:2    | Identified Sif Muna's Papyrus of Confrontation and Weightlessness (Sif Muna gifted it to you on level 2 of the Elven Halls)
 66953 | Lair:1   | Learned a level 5 spell: Bolt of Magma
 66969 | Lair:1   | Learned a level 9 spell: Fire Storm
 67195 | Vaults:1 | Entered Level 1 of the Vaults
 67283 | Vaults:1 | Reached skill level 7 in Charms
 67444 | Vaults:1 | Reached skill level 4 in Air Magic
 68526 | Vaults:1 | Reached skill level 20 in Conjurations
 68527 | Vaults:1 | Received a gift from Sif Muna
 68590 | Vaults:1 | Identified Niekkiyd's Guide on Talismans (Sif Muna gifted it to you on level 1 of the Vaults)
 68859 | Vaults:1 | Reached skill level 12 in Fire Magic
 69356 | Vaults:2 | Noticed Mara
 69359 | Vaults:2 | Noticed jazmu's illusion
 69795 | Vaults:2 | Reached XP level 20. HP: 117/117 MP: 31/42
 70110 | Vaults:2 | Killed Mara
 70110 | Vaults:2 | Received a gift from Sif Muna
 70114 | Vaults:2 | Identified Sif Muna's Papyrus of the Destructive Blaze (Sif Muna gifted it to you on level 2 of the Vaults)
 70168 | Vaults:2 | Reached skill level 13 in Fire Magic
 71210 | Vaults:3 | Found Rutipueg's Distillery.
 71213 | Vaults:3 | Bought a potion of beneficial mutation for 665 gold pieces
 71213 | Vaults:3 | Gained mutation: You have supernaturally acute eyesight. [potion of beneficial mutation]
 71290 | Vaults:3 | Reached skill level 21 in Conjurations
 71590 | Vaults:3 | Received a gift from Sif Muna
 71590 | Vaults:3 | Reached skill level 14 in Fire Magic
 72060 | Vaults:3 | Identified Sif Muna's Reference Book on Entrancing Confrontation (Sif Muna gifted it to you on level 3 of the Vaults)
 72194 | Vaults:3 | Reached skill level 1 in Shields
 72314 | Vaults:3 | Reached skill level 2 in Shields
 72347 | Vaults:3 | Found a staircase to the Crypt.
 72468 | Vaults:4 | Reached skill level 3 in Shields
 72552 | Vaults:3 | Reached skill level 4 in Shields
 72632 | Vaults:4 | Noticed Donald
 72640 | Vaults:4 | Killed Donald
 72654 | Vaults:4 | Reached skill level 5 in Shields
 72832 | Vaults:4 | Reached skill level 6 in Shields
 72949 | Vaults:4 | Reached XP level 21. HP: 122/122 MP: 18/43
 73570 | Vaults:4 | Reached skill level 15 in Fire Magic
 73754 | Vaults:4 | Received a gift from Sif Muna
 73784 | Vaults:4 | Identified Sif Muna's Catalogue of Confrontation (Sif Muna gifted it to you on level 4 of the Vaults)
 74480 | Lair:1   | Learned a level 6 spell: Haste
 74502 | Lair:1   | Identified the +7 hand axe of Unreason {chop, rF++} (You found it on level 15 of the Dungeon)
 74509 | Lair:1   | Identified the +8 broad axe "Idwu" {vamp, *Contam rN+++} (You found it on level 2 of the Spider Nest)
 74576 | Lair:1   | Gained mutation: Your spells are a little harder to cast, but a little more powerful. [mutagenic glow]
 74600 | D:10     | Killed an orc warlord
 74954 | Depths:2 | Reached skill level 8 in Charms
 75027 | Depths:1 | Reached skill level 22 in Conjurations
 75088 | Depths:2 | Noticed Saint Roka
 75207 | Depths:1 | HP: 24/122 [iron troll (10)]
 75709 | Depths:2 | Reached skill level 7 in Shields
 75947 | Depths:1 | Reached skill level 9 in Charms
 76039 | Depths:1 | Received a gift from Sif Muna
 76042 | Depths:1 | Identified Sif Muna's Disquisition on Attacks and Flight (Sif Muna gifted it to you on level 1 of the Depths)
 76130 | Depths:2 | Reached skill level 8 in Shields
 76328 | Depths:2 | HP: 27/122 [white ugly thing (8)]
 76401 | Depths:2 | Reached XP level 22. HP: 103/127 MP: 38/44
 76537 | Depths:2 | Killed Saint Roka
 76537 | Depths:2 | Reached skill level 9 in Shields
 76689 | Depths:2 | Reached skill level 10 in Charms
 77417 | Depths:3 | Reached skill level 10 in Shields
 77602 | Depths:3 | Found a corrupted altar of Lugonu.
 78008 | Depths:3 | Found a one-way gate leading to the halls of Pandemonium.
 78226 | Depths:3 | Reached skill level 11 in Charms
 78275 | Depths:3 | Reached skill level 11 in Shields
 78609 | Depths:4 | Found a one-way gate to the infinite horrors of the Abyss.
 78748 | Depths:4 | Found Jariluov's Book Shop.
 78893 | Depths:4 | Got a twisted halberd {pain}
 79020 | Depths:4 | Reached skill level 12 in Shields
 80154 | Elf:3    | Identified Eblumul's Tome of the Escort
 80501 | Elf:3    | Reached XP level 23. HP: 132/132 MP: 35/45
 80515 | Elf:3    | Found Tarusary's Armour Emporium.
 80730 | Elf:3    | Got a shimmering flail {crush}
 80749 | Elf:3    | Identified the +1 flail of Dokkyk {crush, +Blink} (You took it off a deep elf high priest on level 3 of the Elven Halls)
 80830 | Elf:3    | Received a gift from Sif Muna
 80844 | Elf:3    | Reached skill level 13 in Shields
 80856 | Elf:3    | Reached skill level 16 in Fire Magic
 81285 | Elf:3    | Reached skill level 14 in Shields
 81363 | Elf:3    | Identified the Guide on Ghastly Good Luck
 81417 | Elf:3    | Got a brightly glowing halberd {venom}
 81516 | Elf:3    | Got an encrusted chain mail
 81526 | Elf:3    | Identified the +1 chain mail of Indomitability {Dex+2} (You found it on level 3 of the Elven Halls)
 81760 | Orc:1    | Bought a distressingly furry ring mail for 315 gold pieces
 81914 | Lair:1   | Identified the cursed +1 ring mail of Fortification {*Contam Int+6 SInv} (You bought it in a shop on level 1 of the Orcish Mines)
 82652 | Crypt:1  | Entered Level 1 of the Crypt
 83158 | Crypt:2  | Got a pair of warped gloves
 83169 | Crypt:2  | Identified the +1 pair of gloves of Aqu Ifaixyk {rF- Regen+ Dex+4} (You found it on level 2 of the Crypt)
 83369 | Crypt:2  | Noticed Khufu
 83699 | Crypt:1  | Reached skill level 17 in Fire Magic
 84204 | Crypt:3  | Entered Level 3 of the Crypt
 84396 | Crypt:3  | Reached skill level 15 in Shields
 84726 | Crypt:3  | Noticed an ancient lich
 84888 | Crypt:2  | Found a basalt altar of Yredelemnul.
 85204 | Depths:5 | Entered Level 5 of the Depths
 85289 | Depths:5 | Received a gift from Sif Muna
 85376 | Depths:5 | Reached XP level 24. HP: 108/137 MP: 15/45
 85923 | Depths:5 | Reached skill level 18 in Fire Magic
 86146 | Depths:5 | Received a gift from Sif Muna
 86149 | Depths:5 | Identified Sif Muna's Catalogue of Execration (Sif Muna gifted it to you on level 5 of the Depths)
 86625 | Depths:5 | Found a gateway to a ziggurat.
 86661 | Depths:5 | Noticed Wiglaf
 86675 | Depths:5 | Killed Wiglaf
 86831 | Depths:5 | Found a gate to the Realm of Zot.
 87100 | Depths:5 | Reached skill level 23 in Conjurations
 87485 | Depths:4 | Received a gift from Sif Muna
 87491 | Depths:4 | Identified Sif Muna's Papyrus of the Oath and the Escort (Sif Muna gifted it to you on level 4 of the Depths)
 88100 | Spider:4 | Noticed Kirke
 88109 | Spider:4 | Reached skill level 19 in Fire Magic
 88109 | Spider:4 | Killed Kirke
 88689 | Spider:4 | Reached XP level 25. HP: 141/141 MP: 3/45
 88994 | Spider:4 | Got a gossamer rune of Zot
 89425 | Vaults:1 | Received a gift from Sif Muna
 89428 | Vaults:1 | Identified Sif Muna's Guide on Summoning (Sif Muna gifted it to you on level 1 of the Vaults)
 89577 | Crypt:2  | Noticed a greater mummy
 89717 | Crypt:2  | Killed Khufu
 89757 | Crypt:2  | Killed a greater mummy
 90110 | Crypt:3  | Reached skill level 24 in Conjurations
 90132 | Crypt:3  | Found a basalt altar of Yredelemnul.
 90174 | Crypt:3  | Got a bone hunting sling
 90217 | Crypt:3  | Killed an ancient lich
 90415 | Crypt:3  | Reached skill level 20 in Fire Magic
 90570 | Crypt:3  | Identified Borgnjor's Papyrus of Dark Magic and Protection
 90636 | Crypt:3  | Found a staircase to the Tomb.
 90705 | Crypt:3  | Received a gift from Sif Muna
 90713 | Crypt:3  | Identified Sif Muna's Advanced Thaumaturgy (Sif Muna gifted it to you on level 3 of the Crypt)
 91499 | Slime:1  | Entered Level 1 of the Pits of Slime
 91847 | Slime:5  | Found a viscous altar of Jiyva.
 91883 | Slime:6  | Entered Level 6 of the Pits of Slime
 92089 | Slime:6  | Noticed the royal jelly
 92265 | Slime:6  | Killed the royal jelly
 92272 | Slime:6  | Received a gift from Sif Muna
 92273 | Slime:6  | Identified Jaotefoph's Disquisition on the Earthen Entourage (Sif Muna gifted it to you on level 6 of the Pits of Slime)
 92725 | Slime:6  | Got a slimy rune of Zot
 92746 | Slime:6  | Reached XP level 26. HP: 139/147 MP: 35/45
 92754 | Slime:6  | Got a sparkling ivory ring
 92758 | Slime:6  | Got a transparent great mace
 92879 | Slime:6  | Identified the +5 great mace of Ynkup {freeze, +Inv rPois rF+} (You found it on level 6 of the Pits of Slime)
 92880 | Slime:6  | Identified the ring "Koseure" {+Blink +Fly rN+ Int-2 Stlth+} (You found it on level 6 of the Pits of Slime)
 92921 | Slime:6  | Got a scintillating pewter amulet
 93130 | Lair:1   | Identified the amulet "Ihelop" {rCorr +Blink MP+9 Int-3} (You found it on level 6 of the Pits of Slime)
 93488 | Vaults:5 | Entered Level 5 of the Vaults
 93489 | Vaults:5 | Reached skill level 25 in Conjurations
 93490 | Vaults:5 | Reached skill level 21 in Fire Magic
 93627 | Vaults:5 | Received a gift from Sif Muna
 94729 | Vaults:4 | Received a gift from Sif Muna
 94748 | Vaults:4 | Identified Sif Muna's Disquisition on Execration (Sif Muna gifted it to you on level 4 of the Vaults)
 94945 | Vaults:5 | Reached skill level 22 in Fire Magic
 95182 | Vaults:5 | Reached skill level 26 in Conjurations
 95285 | Vaults:5 | Identified Sif Muna's Almanac of Companions and Orientation (Sif Muna gifted it to you on level 5 of the Vaults)
 95362 | Vaults:5 | Found Edueb's Distillery.
 95412 | Vaults:5 | Found Pofaurhe's Food Emporium.
 95422 | Vaults:5 | Found Gillamo's Food Shop.
 95427 | Vaults:5 | Received a gift from Sif Muna
 95430 | Vaults:5 | Identified Sif Muna's Papyrus of Summoning (Sif Muna gifted it to you on level 5 of the Vaults)
 95738 | Vaults:5 | Reached XP level 27. HP: 152/152 MP: 36/45
 95810 | Vaults:5 | Noticed Frederick
 95814 | Vaults:5 | Killed Frederick
 95944 | Vaults:5 | Found Pioxang's Gadget Boutique.
 95947 | Vaults:5 | Found Enoefaume's Antique Weapon Shoppe.
 96121 | Vaults:5 | Found Cogh's Jewellery Emporium.
 96130 | Vaults:5 | Found Bucw's Magic Scroll Shop.
 96135 | Vaults:5 | Bought a scroll of enchant armour for 105 gold pieces
 96329 | Vaults:5 | Found Moqadeoq's Assorted Antiques.
 96340 | Vaults:5 | Got a silver rune of Zot
 96403 | Vaults:5 | Bought a potion of cure mutation for 560 gold pieces
 96403 | Vaults:5 | Bought 2 potions of agility for 128 gold pieces
 96403 | Vaults:5 | Bought a potion of cure mutation for 560 gold pieces
 96403 | Vaults:5 | Bought a potion of heal wounds for 80 gold pieces
 96403 | Vaults:5 | Bought a potion of agility for 64 gold pieces
 96580 | Vaults:5 | Received a gift from Sif Muna
 96583 | Vaults:5 | Identified Sif Muna's Compendium of Dislocation (Sif Muna gifted it to you on level 5 of the Vaults)
 96667 | Vaults:5 | Bought a meat ration for 55 gold pieces
 96667 | Vaults:5 | Bought a meat ration for 55 gold pieces
 96667 | Vaults:5 | Bought a bread ration for 55 gold pieces
 96667 | Vaults:5 | Bought a bread ration for 55 gold pieces
 96667 | Vaults:5 | Bought a beef jerky for 16 gold pieces
 96667 | Vaults:5 | Bought a bread ration for 55 gold pieces
 96667 | Vaults:5 | Bought 5 fruits for 82 gold pieces
 96667 | Vaults:5 | Bought 5 fruits for 82 gold pieces
 96667 | Vaults:5 | Bought a meat ration for 55 gold pieces
 96667 | Vaults:5 | Bought a meat ration for 55 gold pieces
 96667 | Vaults:5 | Bought a bread ration for 55 gold pieces
 96667 | Vaults:5 | Bought a bread ration for 55 gold pieces
 96667 | Vaults:5 | Bought a bread ration for 55 gold pieces
 97036 | Vaults:5 | Bought a slice of pizza for 16 gold pieces
 97036 | Vaults:5 | Bought a beef jerky for 16 gold pieces
 97036 | Vaults:5 | Bought a bread ration for 55 gold pieces
 97036 | Vaults:5 | Bought a meat ration for 55 gold pieces
 97036 | Vaults:5 | Bought a meat ration for 55 gold pieces
 97036 | Vaults:5 | Bought a beef jerky for 16 gold pieces
 97036 | Vaults:5 | Bought a bread ration for 55 gold pieces
 97036 | Vaults:5 | Bought a beef jerky for 16 gold pieces
 97703 | Zot:1    | Entered Level 1 of the Realm of Zot
 98755 | Zot:1    | Reached skill level 19 in Spellcasting
 98926 | Zot:1    | Reached skill level 27 in Conjurations
 99007 | Zot:1    | Received a gift from Sif Muna
 99058 | Zot:1    | Identified Sif Muna's Disquisition on Companions (Sif Muna gifted it to you on level 1 of the Realm of Zot)
 99643 | Zot:2    | Reached skill level 20 in Spellcasting
 99956 | Zot:2    | Received a gift from Sif Muna
100779 | Zot:3    | Reached skill level 1 in Earth Magic
100853 | Zot:3    | Reached skill level 2 in Earth Magic
100876 | Zot:3    | Reached skill level 21 in Spellcasting
100876 | Zot:3    | Reached skill level 3 in Earth Magic
100882 | Zot:3    | Received a gift from Sif Muna
100890 | Zot:3    | Identified Sif Muna's Almanac of Poisoning (Sif Muna gifted it to you on level 3 of the Realm of Zot)
101175 | Zot:4    | Reached skill level 4 in Earth Magic
101180 | Zot:4    | Reached skill level 5 in Earth Magic
101223 | Zot:4    | Reached skill level 6 in Earth Magic
101260 | Zot:4    | Reached skill level 7 in Earth Magic
101636 | Zot:4    | Reached skill level 8 in Earth Magic
101700 | Zot:4    | Received a gift from Sif Muna
101703 | Zot:4    | Identified Sif Muna's Collected Works on the Escort (Sif Muna gifted it to you on level 4 of the Realm of Zot)
101958 | Zot:5    | Entered Level 5 of the Realm of Zot
101971 | Zot:5    | Reached skill level 9 in Earth Magic
102309 | Zot:5    | Reached skill level 10 in Earth Magic
102381 | Zot:5    | Noticed an ancient lich
102393 | Zot:5    | Killed an ancient lich
102393 | Zot:5    | Reached skill level 11 in Earth Magic
102432 | Zot:5    | Received a gift from Sif Muna
102432 | Zot:5    | Reached skill level 22 in Spellcasting
102435 | Zot:5    | Identified Sif Muna's Compendium of Orientation (Sif Muna gifted it to you on level 5 of the Realm of Zot)
102472 | Zot:5    | Noticed an orb of fire
102499 | Zot:5    | Gained mutation: You can spit weak poison. [an orb of fire]
103041 | Lair:1   | Learned a level 8 spell: Lehudib's Crystal Spear
103429 | Depths:1 | Reached skill level 12 in Earth Magic
103520 | Hell     | Entered the Vestibule of Hell
103520 | Hell     | Noticed Geryon
103524 | Hell     | Killed Geryon
103772 | Hell     | Received a gift from Sif Muna
103774 | Hell     | Reached skill level 13 in Earth Magic
103933 | Hell     | Identified Zuoky's Catalogue of Slavery (Sif Muna gifted it to you in the Vestibule of Hell)
103971 | Hell     | Found a gateway to the freezing wastes of Cocytus.
104211 | Hell     | Found a gateway to the Iron City of Dis.
104270 | Hell     | Found a gateway to the ashen valley of Gehenna.
104313 | Hell     | Found a gateway to the decaying netherworld of Tartarus.
104462 | Coc:1    | Entered Level 1 of Cocytus
104499 | Coc:1    | Received a gift from Sif Muna
104499 | Coc:1    | Reached skill level 14 in Earth Magic
104832 | Coc:1    | Identified Sif Muna's Disquisition on Necromancy and Augmentations (Sif Muna gifted it to you on level 1 of Cocytus)
105175 | Coc:3    | Reached skill level 23 in Spellcasting
105186 | Coc:3    | Reached skill level 15 in Earth Magic
105861 | Zot:5    | Killed an orb of fire
105861 | Zot:5    | Received a gift from Sif Muna
105864 | Zot:5    | Identified Sif Muna's Disquisition on Creation (Sif Muna gifted it to you on level 5 of the Realm of Zot)
106051 | Zot:5    | Noticed an orb of fire
106060 | Zot:5    | Killed an orb of fire
106421 | Zot:5    | Noticed an orb of fire
106424 | Zot:5    | Killed an orb of fire
106424 | Zot:5    | Reached skill level 16 in Earth Magic
106425 | Zot:5    | Noticed an orb of fire
106425 | Zot:5    | Noticed an orb of fire
106621 | Zot:5    | Killed an orb of fire
106865 | Zot:4    | Killed an orb of fire
107009 | Zot:5    | Noticed an orb of fire
107014 | Zot:5    | Killed an orb of fire
107014 | Zot:5    | Received a gift from Sif Muna
107017 | Zot:5    | Identified Sif Muna's Collected Works on the Rocks (Sif Muna gifted it to you on level 5 of the Realm of Zot)
107035 | Zot:5    | Noticed an ancient lich
107037 | Zot:5    | Killed an ancient lich
107219 | Zot:5    | Noticed an orb of fire
107222 | Zot:5    | Killed an orb of fire
107222 | Zot:5    | Reached skill level 17 in Earth Magic
107410 | Zot:5    | Noticed an ancient lich
107411 | Zot:5    | Killed an ancient lich
107535 | Zot:5    | Noticed an orb of fire
107543 | Zot:5    | Killed an orb of fire
107543 | Zot:5    | Received a gift from Sif Muna
107544 | Zot:5    | Noticed an ancient lich
107577 | Zot:5    | Killed an ancient lich
107600 | Zot:5    | Reached skill level 24 in Spellcasting
107703 | Zot:5    | Reached skill level 18 in Earth Magic
107796 | Zot:5    | Identified Sif Muna's Tome of Translocation (Sif Muna gifted it to you on level 5 of the Realm of Zot)
107828 | Zot:5    | Noticed an orb of fire
107871 | Zot:5    | Killed an orb of fire
107981 | Zot:5    | Received a gift from Sif Muna
108113 | Zot:5    | Identified Sif Muna's Reference Book on Orientation (Sif Muna gifted it to you on level 5 of the Realm of Zot)
108256 | Zot:5    | Got the Orb of Zot
108296 | Zot:5    | Reached skill level 19 in Earth Magic
108348 | Zot:5    | Noticed Plog the pandemonium lord
108543 | Depths:1 | Noticed Ubowk the pandemonium lord
108685 | D:13     | Noticed Foidoh the pandemonium lord
109035 | D:$      | Escaped with the Orb!

Action                   |  1- 3 |  4- 6 |  7- 9 | 10-12 | 13-15 | 16-18 | 19-21 | 22-24 | 25-27 || total
-------------------------+-------+-------+-------+-------+-------+-------+-------+-------+-------++-------
Melee: Unarmed           |     3 |       |       |       |       |       |       |       |       ||     3
       Club              |     5 |     6 |       |       |       |       |       |       |       ||    11
       Whip              |       |    27 |    15 |       |       |       |       |       |       ||    42
       Spear             |       |    49 |   159 |   128 |   166 |    50 |    38 |       |       ||   590
       Hand axe          |       |       |       |       |       |       |    30 |       |       ||    30
       Staff             |       |       |       |       |       |       |       |     4 |       ||     4
 Cast: Magic Dart        |    65 |   184 |   115 |   173 |   444 |    23 |     8 |     9 |     7 ||  1028
       Iskenderun's Myst |       |     7 |    76 |   281 |   210 |    24 |    17 |    37 |       ||   652
       Iskenderun's Batt |       |       |    19 |    79 |   161 |    15 |    11 |     9 |     6 ||   300
       Fireball          |       |       |       |       |   336 |   962 |   644 |   403 |   193 ||  2538
       Deflect Missiles  |       |       |       |       |       |       |    11 |     6 |     2 ||    19
       Bolt of Magma     |       |       |       |       |       |       |   198 |   366 |   332 ||   896
       Haste             |       |       |       |       |       |       |       |     7 |    31 ||    38
       Fire Storm        |       |       |       |       |       |       |       |    29 |   292 ||   321
       Lehudib's Crystal |       |       |       |       |       |       |       |       |    76 ||    76
Invok: Channel Energy    |       |       |       |     1 |    93 |  1331 |  1184 |  1011 |  1072 ||  4692
 Abil: Fly               |       |       |       |       |     1 |       |       |       |       ||     1
Evoke: Wand              |       |       |       |     1 |     8 |    13 |       |    14 |    10 ||    46
       Stone of tremors  |       |       |       |       |       |       |       |     1 |       ||     1
  Use: Scroll            |     1 |     3 |    14 |    20 |    14 |    15 |     5 |    16 |    10 ||    98
       Potion            |       |     2 |       |     4 |     1 |     4 |     5 |     3 |    10 ||    29
 Stab: Sleeping          |       |     1 |       |       |     1 |       |       |       |       ||     2
  Eat: Chunk             |     3 |    15 |    32 |    34 |   139 |   194 |   143 |   113 |   178 ||   851
       Pizza             |       |       |     2 |     1 |       |     1 |     1 |     1 |       ||     6
       Beef jerky        |       |       |     1 |     1 |       |       |       |     2 |     5 ||     9
       Fruit             |       |       |     8 |     6 |     4 |     6 |       |    13 |     8 ||    45
       Bread ration      |       |       |       |     2 |       |     3 |     7 |     3 |    20 ||    35
       Meat ration       |       |       |       |     1 |       |     6 |     7 |     3 |    13 ||    30
       Royal jelly       |       |       |       |       |       |       |       |    23 |     1 ||    24

Vault maps used:
D:1:      tarquinn_simple_flora_water_b, serial_glass, glass_columns_a,
          glass_columns_b, due_unseen_surprise, feat_on_display,
          feat_on_display, minmay_misc_feat_secret_circle,
          minmay_misc_feat_enclosed
D:2:      yredelemnul_altar_generic
D:3:      okawaru_metal_pillars_1_2
D:5:      nicolae_overflow_hidden_temple, first_bread, uniq_grinder
D:6:      temple_doors_c, serial_shops, shop, uniq_eustachio
D:7:      nicolae_dithmenos_the_darkroom, hex_large
D:9:      lemuel_round_altar, lemuel_crystal_altar, david_nohive_1,
          hangedman_abyss_or_decor_stagger, uniq_pikel
D:10:     dpeg_lair_monsters, serial_park_tiny_2
D:11:     minmay_diamond_stairs, kennysheep_orc_monster_closet_entryway
D:13:     uniq_snorg
D:14:     grunt_vaults_entry_fortified, cheibriados_altar_1
D:15:     hangedman_depths_entry_civil_slaughter, serial_shops,
          nicolae_shop_behind_doors, hex_medium
Temple:   temple_eino_lava_12
Lair:1:   uniq_fannar
Lair:2:   grunt_megastairs_4
Lair:3:   minmay_swamp_entry_swarm, lemuel_fruit_tree
Lair:4:   serial_bayou_shore_a
Lair:5:   nicolae_volcano_entry_s_turn, bh_chokoban, lemuel_fruit_fields,
          infiniplex_staircase_pool
Lair:6:   nicolae_spider_entry_tight_spaces
Lair:7:   slime_altar_1, lookout_lair_type, patterned_corridor,
          grunt_megastairs_2
Lair:8:   wormcave, hangedman_lair_caniforms_friends, st_stairs_12,
          lemuel_fruit_fields
Swamp:1:  hangedman_swamp_diagram, swamp_pool5
Swamp:2:  evilmike_swamp_ruin_house_6
Swamp:3:  nicolae_swamp_fairy_circle
Swamp:4:  swamp_old_school
Spider:1: hangedman_spider_tarantella_strand
Spider:2: hangedman_spider_mandibles, hive_lemuel
Spider:4: guppyfry_spider_rune, uniq_kirke
Slime:1:  cheibrodos_slime_lost_civilization_7
Slime:2:  cheibrodos_slime_lost_civilization_5
Slime:5:  basic_altar
Orc:1:    serial_shops, nicolae_shop_statue_plus, shop_statue,
          nicolae_shop_behind_doors, uniq_erica
Orc:2:    nicolae_orc_tapped_out
Orc:3:    nicolae_orc_pool_cavern, nicolae_orc_rockfall, uniq_harold,
          uniq_erolcha, uniq_rupert
Orc:4:    pubby_orc_utopia, uniq_josephine
Elf:1:    minmay_elf_arrival_plus, minmay_elf_annihilation
Elf:2:    uniq_norris
Elf:3:    minmay_elf_hall_golems, serial_shops, nicolae_shop_crystal,
          mu_enter_wizlab_4, nrook_uturn, eino_tiny_chamber,
          minmay_elf_demonology
Vaults:1: v_rooms_6, v_rooms_1, vaults_mumra_minichess_inversion,
          nicolae_vaults_circle_grid_b, hangedman_vaults_corner_blocks,
          ontoclasm_vaults_decontamination, nicolae_vaults_know_your_exits
Vaults:2: vaults_room_grid, nicolae_vaults_big_ls, nicolae_vaults_shelves_hall,
          vaults_mumra_hex, grunt_vaults_hallway_short,
          hangedman_vaults_capsules, uniq_mara
Vaults:3: blue_anna_dwarven_crypt, hangedman_vaults_pinch,
          hangedman_vaults_unwind, hangedman_vaults_cutoff,
          hangedman_vaults_impose, v_alt_pattern_6, serial_ice_g,
          ontoclasm_vaults_gateway, vaults_dpeg_spiral,
          nicolae_vaults_yaktaur_gun_rack, hangedman_vaults_stretched_pinwheel,
          v_misc_9, serial_shops, nicolae_shop_behind_doors
Vaults:4: v_alt_pattern_3, grunt_vaults_hallway_long, grunt_vaults_swirl,
          v_rooms_5, v_misc_4, grunt_vaults_funnel, nicolae_vaults_rhombus_6,
          vaults_mumra_chevron, nicolae_vaults_ring_of_whatevers,
          grunt_vaults_diagonal, nicolae_vaults_little_squares_3, st_cross,
          nicolae_vaults_diagonal_hallway_8, v_misc_8,
          nicolae_vaults_windows_and_doors_thing, hangedman_vaults_cutoff,
          vaults_room_hallway, uniq_donald
Vaults:5: uniq_frederick
Crypt:2:  minivault_19, lemuel_statue_altar, uniq_khufu
Crypt:3:  cryptofortress_bobbens
Depths:1: tso_metal_star, pf_vacation_house_of_asmodeus,
          kennysheep_cluttered_room, minmay_misc_feat_more_columns,
          hangedman_cracks_in_the_wall
Depths:2: kennysheep_demon_jail, hell_entry, serial_bayou_pond_b, firewood_loft,
          roderic_lattice_octagonal_star, infiniplex_staircase_pool_1,
          serial_bayou_shore_b, serial_bayou_shore_b, serial_bayou_shore_b,
          uniq_saint_roka
Depths:3: minmay_open_boxes_in_corner, rand_demon_pan_entry_9, hell_entry,
          tgw_lugonu_bribe, infiniplex_staircase_trident, uniq_wiglaf
Depths:4: minmay_connected_triangles_in_corner, serial_shops, shop, abyss_entry,
          minmay_misc_feat_iff, grunt_mini_vestibule, serial_bayou_shore_b,
          infiniplex_staircase_river
Depths:5: grunt_twist_and_shout, enter_ziggurat_b, minmay_misc_feat_columns,
          hell_entry, grunt_ministairs_15, minmay_misc_feat_cross
Zot:1:    nicolae_moth_party
Volcano:  volcano_overflow
WizLab:   wizlab_wucad

Table legend:
 A = Turns spent in this place as a percentage of turns spent in the entire game.
 B = Non-inter-level travel turns spent in this place as a percentage of non-inter-level travel turns spent in the entire game.
 C = Inter-level travel turns spent in this place as a percentage of turns spent in this place.
 D = Turns resting spent in this place as a percentage of non-inter-level travel turns spent in this place.
 E = Turns spent auto-exploring this place as a percentage of non-inter-level travel turns spent in this place.
 F = Non-inter-level travel turns spent in this place divided by the number of levels of this place that you've seen.
                   A       B       C       D       E      F
               +-------+-------+-------+-------+-------+----------------------
         Total | 100.0 | 100.0 |   0.8 |   2.5 |   2.8 | 631.3
       Dungeon |  20.5 |  20.5 |   1.0 |   4.4 |   3.6 | 594.3
        Temple |   0.1 |   0.1 |   0.0 |   4.2 |   0.0 |  48.0
          Lair |  13.6 |  13.5 |   1.4 |   5.5 |   2.5 | 736.5
         Swamp |   4.0 |   4.1 |   0.3 |   0.1 |   3.9 | 442.0
   Spider Nest |   5.1 |   5.2 |   0.5 |   0.0 |   3.2 | 562.0
    Slime Pits |   1.8 |   1.8 |   0.2 |   3.2 |   0.0 | 133.5
  Orcish Mines |   9.3 |   9.3 |   0.7 |   4.4 |   2.7 | 1011.0
   Elven Halls |   4.9 |   4.9 |   0.5 |   0.0 |   2.7 | 711.3
        Vaults |  14.0 |  14.0 |   0.6 |   1.0 |   2.7 | 1220.0
         Crypt |   4.7 |   4.7 |   0.7 |   0.2 |   3.2 | 679.7
        Depths |  11.1 |  11.1 |   1.0 |   0.2 |   2.7 | 968.2
          Hell |   1.8 |   1.8 |   0.1 |   1.5 |   0.0 | 804.0
       Cocytus |   1.3 |   1.3 |   0.0 |   0.0 |   0.0 | 190.7
           Zot |   7.0 |   7.0 |   0.4 |   2.4 |   2.6 | 610.8
       Volcano |   0.5 |   0.5 |   0.0 |   4.9 |   0.0 | 203.0
        Wizlab |   0.2 |   0.2 |   0.0 |   0.0 |   0.0 |  95.0
               +-------+-------+-------+-------+-------+----------------------

Table legend:
 A = Kills in this place as a percentage of kills in entire the game.
 B = Kills by you in this place as a percentage of kills by you in the entire game.
 C = Kills by friends in this place as a percentage of kills by friends in the entire game.
 D = Other kills in this place as a percentage of other kills in the entire game.
 E = Experience gained in this place as a percentage of experience gained in the entire game.
 F = Experience gained in this place divided by the number of levels of this place that you have seen.
                   A       B       C       D       E      F
               +-------+-------+-------+-------+-------+----------------------
         Total | 100.0 | 100.0 | 100.0 | 100.0 | 100.0 | 28110.1
       Dungeon |  15.4 |  15.5 |   0.0 |  20.0 |   4.6 | 5927.1
          Lair |  12.6 |  12.8 |   0.0 |   0.0 |   4.2 | 10154.5
         Swamp |   4.4 |   4.4 |   0.0 |   5.0 |   3.1 | 14799.8
   Spider Nest |   7.1 |   7.2 |   5.4 |   0.0 |   4.9 | 23882.0
    Slime Pits |   3.6 |   3.3 |  16.2 |  30.0 |   3.8 | 12207.8
  Orcish Mines |  10.3 |  10.5 |   0.0 |   5.0 |   1.9 | 8992.0
   Elven Halls |   4.0 |   4.1 |   0.0 |   0.0 |   5.3 | 34105.3
        Vaults |  16.5 |  16.4 |  24.3 |  15.0 |  20.7 | 80219.0
         Crypt |   4.9 |   5.0 |   0.0 |   0.0 |   6.1 | 39446.3
        Depths |   9.6 |   9.6 |   5.4 |  15.0 |  15.2 | 59079.8
          Hell |   2.7 |   2.6 |   5.4 |   0.0 |   3.3 | 63358.0
       Cocytus |   1.5 |   1.5 |   0.0 |  10.0 |   2.4 | 15633.3
           Zot |   7.2 |   6.9 |  43.2 |   0.0 |  24.6 | 95323.6
       Volcano |   0.1 |   0.1 |   0.0 |   0.0 |   0.1 | 1484.0
               +-------+-------+-------+-------+-------+----------------------
